[Event "Late-Titled-Tuesday-Blitz-April-23-2024"]
[Site "Chess.com"]
[Date "2024.04.23"]
[Round "6"]
[White "kingofthenil"]
[Black "Zura_19"]
[Result "1-0"]
[WhiteElo "2795"]
[BlackElo "2596"]
[TimeControl "180+1"]
[EndTime "15:05:42 PDT"]
[Termination "kingofthenil won by resignation"]

1. e4 c6 2. c4 d5 3. cxd5 cxd5 4.
exd5 Nf6 5. Nc3 g6 6. Nf3 Bg7 7. Bc4 O-O 8. O-O Nbd7 9. d3 Nb6 10. Qb3 Bf5 11. Re1 Nfd7 12. Bg5 Re8 13. d6 Nxc4 14.
dxe7 Qa5 15. dxc4 Be6 16. Nd5 b5 17. Bd2 bxc4 18. Bxa5 cxb3 19. Nc7 bxa2 20. Nxa8 Rxa8 21. Bd8 Nf6 22. Rxe6 fxe6 23. Rxa2 Ne8 24. Ng5 Rc8 25. g3 Rc2 26. Nxe6 Bxb2 27. Rxa7 Bd4 28. Nxd4 1-0

[Event "Late-Titled-Tuesday-Blitz-April-23-2024"]
[Site "Chess.com"]
[Date "2024.04.23"]
[Round "6"]
[White "Onischuk_V"]
[Black "AljoschaFeuerstack"]
[Result "1-0"]
[WhiteElo "2842"]
[BlackElo "2639"]
[TimeControl "180+1"]
[EndTime "15:05:46 PDT"]
[Termination "Onischuk_V won by resignation"]

1. e4 c6 2. d4 d5 3. Nc3 a6 4. Nf3 Bg4 5. h3 Bxf3 6. Qxf3 e6 7. Bd2 dxe4 8. Nxe4 Qxd4 9. O-O-O Qa4 10. Kb1 Nd7 11.
Bc3 O-O-O 12. b3 Qa3 13. Qxf7 e5 14. Bc4 Ngf6 15. Nxf6 gxf6 16. Be6 Qe7 17. Qxe7 Bxe7 18. Ba5 1-0

[Event "Late-Titled-Tuesday-Blitz-April-23-2024"]
[Site "Chess.com"]
[Date "2024.04.23"]
[Round "6"]
[White "kleber2007"]
[Black "super_emi_26"]
[Result "0-1"]
[WhiteElo "2439"]
[BlackElo "2701"]
[TimeControl "180+1"]
[EndTime "15:05:56 PDT"]
[Termination "super_emi_26 won by checkmate"]

1. Nf3 g6 2. d4 Bg7 3. e4 d6 4. c3 Nf6 5. Bd3 O-O 6. O-O Bg4 7. Nbd2 Nc6 8. h3 Bd7 9. Re1 e5 10. dxe5 dxe5 11. Qc2 Qe7 12. Nc4 Nh5 13. a4 Nf4 14.
Bf1 Rae8 15. Ne3 h5 16. Nd5 Nxd5 17. exd5 Nb8 18. Qb3 b6 19. a5 e4 20. Ng5 Bf5 21.
axb6 axb6 22. Bb5 Nd7 23. Qa3 Nc5 24. Bxe8 Rxe8 25. Be3 h4 26. Bxc5 bxc5 27. Nxe4 Bxe4 28. f3 Qg5 29. Rxe4 Rxe4 30. fxe4 Be5 31. Qxc5 Qf4 32. Ra8+ Kh7 33. Qf2 Qc1+ 34. Qf1 Bh2+ 35. Kf2 Qd2+ 36. Qe2 Bg3+ 37. Kf1 Qc1+ 38. Qe1 Qxe1# 0-1

[Event "Late-Titled-Tuesday-Blitz-April-23-2024"]
[Site "Chess.com"]
[Date "2024.04.23"]
[Round "6"]
[White "DominguezOnYoutube"]
[Black "ellatambien"]
[Result "1-0"]
[WhiteElo "2962"]
[BlackElo "2723"]
[TimeControl "180+1"]
[EndTime "15:06:00 PDT"]
[Termination "DominguezOnYoutube won by resignation"]

1. e4 e5 2. Nf3 Nc6 3. Bb5 a6 4. Ba4 Nf6 5. O-O Bc5 6. c3 b5 7. Bb3 d6 8. d4 Bb6 9. Re1 O-O 10. Bg5 h6 11. Bh4 g5 12. Nxg5 hxg5 13. Bxg5 exd4 14. Bd5 Bd7 15. cxd4 Rb8 16. Bxc6 Bxc6 17.
Re3 Kg7 18. Rf3 Bxe4 19. Bxf6+ Qxf6 20. Rxf6 Kxf6 21. Nc3 Bg6 22. Nd5+ Kg7 23. Nxb6 Rxb6 24. Rc1 c6 25. d5 c5 26. b4 Rb7 27. bxc5 dxc5 28.
Rxc5 Rd7 29. Qd4+ f6 30. d6 Re8 31. f3 1-0

[Event "Late-Titled-Tuesday-Blitz-April-23-2024"]
[Site "Chess.com"]
[Date "2024.04.23"]
[Round "6"]
[White "jcibarra"]
[Black "DamianoLew95"]
[Result "1-0"]
[WhiteElo "2998"]
[BlackElo "2743"]
[TimeControl "180+1"]
[EndTime "15:06:03 PDT"]
[Termination "jcibarra won by resignation"]

1. e4 e6 2. d4 d5 3. Nc3 dxe4 4.
Nxe4 Nd7 5. Bd3 Ngf6 6. Qe2 c5 7. Nxf6+ Nxf6 8. dxc5 Bxc5 9. Bg5 Qa5+ 10. Bd2 Qb6 11.
O-O-O Bxf2 12. Nf3 Bc5 13. Ne5 Bd7 14. Rhf1 Bc6 15.
g4 h6 16. Rde1 Bd4 17. Nc4 Qc5 18. c3 Rd8 19. cxd4 Qxd4 20. Ne5 Rd5 21. Bc3 Qa4 22.
Nxf7 O-O 23. Nxh6+ gxh6 24. Qxe6+ Rf7 25. Rxf6 1-0

[Event "Late-Titled-Tuesday-Blitz-April-23-2024"]
[Site "Chess.com"]
[Date "2024.04.23"]
[Round "6"]
[White "Sanyura"]
[Black "VojtechPlat"]
[Result "0-1"]
[WhiteElo "2642"]
[BlackElo "2872"]
[TimeControl "180+1"]
[EndTime "15:06:04 PDT"]
[Termination "VojtechPlat won on time"]

1. e4 d6 2. d4 Nf6 3. Nc3 e5 4. Nf3 exd4 5. Nxd4 Be7 6. g3 d5 7. e5 Ng4 8. Bg2 Nxe5 9. Nxd5 Bg4 10. Qd2 Bh3 11. Be4 O-O 12. f4 Nc4 13. Qe2 Nd6 14.
Nxe7+ Kh8 15. Bd3 Re8 16. Qh5 Qxe7+ 17. Kf2 Ne4+ 18. Kg1 Bd7 19. Be3 Nc6 20. Re1 Nf6 21. Nxc6 Bxc6 22. Qh4 Qb4 23. Kf2 Bxh1 24. Rxh1 Rxe3 25.
Kxe3 Re8+ 26. Kf2 Qd2+ 0-1

[Event "Late-Titled-Tuesday-Blitz-April-23-2024"]
[Site "Chess.com"]
[Date "2024.04.23"]
[Round "6"]
[White "DeArron_Fox"]
[Black "Navyblue1"]
[Result "1-0"]
[WhiteElo "2491"]
[BlackElo "2273"]
[TimeControl "180+1"]
[EndTime "15:06:04 PDT"]
[Termination "DeArron_Fox won by resignation"]

1. d4 Nf6 2. c4 g6 3. Nc3 Bg7 4.
e4 d6 5. f3 O-O 6. Be3 c5 7. Nge2 Qa5 8. Nc1 Nbd7 9. Nb3 Qc7 10. Be2 a6 11. O-O b5 12. cxb5 c4 13. Nd2 axb5 14.
Nxb5 Qb6 15. a4 Ba6 16. Nxc4 Qb8 17. Na5 Qb6 18. b4 Ne8 19. Qd2 Nc7 20. d5 Qb8 21.
Nc6 Qb7 22. Nxe7+ Kh8 23. Nxd6 Qb8 24. Nc6 1-0

[Event "Late-Titled-Tuesday-Blitz-April-23-2024"]
[Site "Chess.com"]
[Date "2024.04.23"]
[Round "6"]
[White "CaspiIsrael"]
[Black "boracilek"]
[Result "0-1"]
[WhiteElo "2694"]
[BlackElo "2530"]
[TimeControl "180+1"]
[EndTime "15:06:05 PDT"]
[Termination "boracilek won by resignation"]

1. d4 g6 2. e4 Bg7 3. c4 c6 4. f4 d5 5. cxd5 cxd5 6. e5 Nh6 7.
Nc3 O-O 8. Nf3 Bg4 9. Be3 Nc6 10. h3 Nf5 11. hxg4 Nxe3 12. Qd2 Nxg4 13. O-O-O e6 14. Kb1 Rc8 15. Bd3 Qb6 16. Bc2 Na5 17. Na4 Qb5 18.
b3 Nc4 19. Qd3 Na3+ 20. Kb2 Rxc2+ 21. Kxa3 Qxd3 22. Rxd3 Rfc8 23. Rg1 Bf8+ 24. b4 a5 25. Nc5 b6 26. Kb3 Rc4 27. Na6 Ra8 28. b5 Rac8 29. a4 Nf2 30. Re3 Ne4 31. Rge1 h5 32. R1e2 Be7 33.
Kb2 Rxa4 34. Rb3 Rac4 35. Ne1 a4 36. Rd3 a3+ 37. Ka2 Nc3+ 38. Rxc3 Rxc3 39. Nf3 Rc2+ 40.
Rxc2 Rxc2+ 41. Kb3 Rb2+ 42. Kc3 Rxb5 0-1

[Event "Late-Titled-Tuesday-Blitz-April-23-2024"]
[Site "Chess.com"]
[Date "2024.04.23"]
[Round "6"]
[White "Szachulec75"]
[Black "aranibos"]
[Result "0-1"]
[WhiteElo "2076"]
[BlackElo "2260"]
[TimeControl "180+1"]
[EndTime "15:06:05 PDT"]
[Termination "aranibos won by resignation"]

1. Nf3 c6 2. g3 d5 3. Bg2 Nf6 4. d3 Bg4 5. O-O Nbd7 6. Nbd2 e5 7. e4 h5 8. h3 Bxf3 9. Qxf3 Bd6 10. c3 Qc7 11. Qe2 O-O-O 12. b4 h4 13. g4 d4 14. c4 Bxb4 15. Rb1 Bd6 16. Nb3 b6 17. a4 Nc5 18. a5 Nxb3 19. Rxb3 Bc5 20. Ba3 Nd7 21. Rfb1 Bxa3 22. Rxa3 Qd6 23. Qb2 Kb7 24. f4 f6 25.
f5 Ra8 26. Bf3 Rhb8 27. Bd1 Kc7 28. Rb3 Kc8 29. axb6 Rxb6 30. Qf2 Rxb3 31. Bxb3 Rb8 32. Bc2 Rxb1+ 33. Bxb1 Qb4 34. Bc2 Qb2 35. Bd1 Qxf2+ 36. Kxf2 Nc5 37. Bc2 a5 38. Bb1 a4 39. g5 a3 40. Kf3 Nxd3 41. g6 Nb4 42. Kg4 a2 43.
Bxa2 Nxa2 44. Kxh4 d3 45. Kg4 d2 46. h4 d1=Q+ 0-1

[Event "Late-Titled-Tuesday-Blitz-April-23-2024"]
[Site "Chess.com"]
[Date "2024.04.23"]
[Round "6"]
[White "chedimir"]
[Black "LUISMIGUELOV"]
[Result "1-0"]
[WhiteElo "2468"]
[BlackElo "2221"]
[TimeControl "180+1"]
[EndTime "15:06:06 PDT"]
[Termination "chedimir won by checkmate"]

1. e4 c6 2. d4 d5 3. e5 c5 4.
dxc5 Nc6 5. Bf4 e6 6. Nf3 Bxc5 7. Bd3 Nge7 8. a3 Ng6 9. Bg3 Qc7 10. O-O Bd7 11.
Qe2 a6 12. Nbd2 Nd4 13. Nxd4 Bxd4 14. c4 Bxb2 15. Rab1 Bxe5 16. Bxg6 Bxg3 17. Bxf7+ Kxf7 18. fxg3+ Kg8 19. cxd5 exd5 20. Qe7 h6 21. Rf7 Rh7 22. Rbf1 Qb6+ 23. Kh1 Bc6 24. Qf8+ Rxf8 25. Rxf8# 1-0

[Event "Late-Titled-Tuesday-Blitz-April-23-2024"]
[Site "Chess.com"]
[Date "2024.04.23"]
[Round "6"]
[White "Attacker_2006"]
[Black "ColorsTrilogy"]
[Result "0-1"]
[WhiteElo "2529"]
[BlackElo "2410"]
[TimeControl "180+1"]
[EndTime "15:06:14 PDT"]
[Termination "ColorsTrilogy won by checkmate"]

1. h4 e5 2. h5 b6 3. c4 Bb7 4. Nc3 Nf6 5. d4 exd4 6. Qxd4 Nc6 7. Qh4 h6 8. Bd2 Bc5 9. O-O-O Qe7 10. Qg3 O-O-O 11.
f3 d5 12. cxd5 Nxd5 13. Nxd5 Rxd5 14. Qxg7 Bd4 15. Qg4+ f5 16. Qh4 Qc5+ 17. Kb1 Bxg1 18.
e4 Rd4 19. Be2 Rhd8 20. Qe1 Bf2 21. Qxf2 Rxd2 22. Qe1 Qc2+ 23. Ka1 Qxb2# 0-1

[Event "Late-Titled-Tuesday-Blitz-April-23-2024"]
[Site "Chess.com"]
[Date "2024.04.23"]
[Round "6"]
[White "jefferyx"]
[Black "TheBigBoss04"]
[Result "1-0"]
[WhiteElo "3102"]
[BlackElo "2798"]
[TimeControl "180+1"]
[EndTime "15:06:15 PDT"]
[Termination "jefferyx won by resignation"]

1. b4 e6 2. Bb2 Nf6 3. a3 a6 4. e3 c5 5. g4 Nc6 6. g5 Ne4 7. d3 Nxg5 8. h4 cxb4 9. hxg5 bxa3 10.
Nxa3 Qxg5 11. Nf3 Qd8 12. Nc4 b5 13. Ncd2 Bb7 14. Rh3 d6 15. c4 e5 16. cxb5 axb5 17.
d4 exd4 18. Nxd4 Nxd4 19. Bxd4 Bc6 20. Qb1 Rxa1 21. Qxa1 f6 22. Qb1 Qd7 23. Rxh7 Rxh7 24. Qxh7 Qe6 25. Bxb5 Bxb5 26. Qh5+ Ke7 27. Qxb5 Kf7 28.
Nb1 Qh3 29. Qd5+ Kg6 30. Nc3 Be7 31. Ne2 Kh7 32. Qe4+ 1-0

[Event "Late-Titled-Tuesday-Blitz-April-23-2024"]
[Site "Chess.com"]
[Date "2024.04.23"]
[Round "6"]
[White "carloseduar100"]
[Black "Heliosis11"]
[Result "0-1"]
[WhiteElo "2200"]
[BlackElo "2399"]
[TimeControl "180+1"]
[EndTime "15:06:23 PDT"]
[Termination "Heliosis11 won on time"]

1. g3 Nf6 2. Bg2 d5 3. Nf3 c5 4. O-O Nc6 5. d4 cxd4 6. Nxd4 e6 7. Re1 Be7 8. Nxc6 bxc6 9. c4 O-O 10. cxd5 cxd5 11. Nc3 Bb7 12. Bg5 h6 13. Bxf6 Bxf6 14. e4 d4 15. Ne2 e5 16. Nc1 Ba6 17. Nd3 Rc8 18. Nb4 Bb7 19. Nd5 Bc6 20. Rc1 Qd6 21.
Qb3 Rb8 22. Qc2 Rfc8 23. Qd2 Bxd5 24. exd5 Bg5 25. Rxc8+ Rxc8 26. Qe2 Bf6 27. b3 Rc3 28. h4 Qc5 29. Qg4 d3 30. Rd1 Rc2 31. a4 Qxf2+ 0-1

[Event "Late-Titled-Tuesday-Blitz-April-23-2024"]
[Site "Chess.com"]
[Date "2024.04.23"]
[Round "6"]
[White "JSPrepz"]
[Black "JG-17"]
[Result "1-0"]
[WhiteElo "2798"]
[BlackElo "2543"]
[TimeControl "180+1"]
[EndTime "15:06:24 PDT"]
[Termination "JSPrepz won by resignation"]

1. e4 c5 2. Nf3 d6 3. Nc3 Nf6 4. e5 dxe5 5. Nxe5 a6 6. g3 e6 7. Bg2 Bd6 8. Nc4 Be7 9. a4 O-O 10. O-O Nd5 11. a5 Nxc3 12. bxc3 Nd7 13. Re1 Ra7 14. Rb1 Qc7 15. d3 f6 16. Bf4 e5 17. Be3 Nb8 18. Nb6 Be6 19. d4 Nd7 20. d5 Bf5 21. d6 Bxd6 22. Qd5+ Kh8 23. Rbd1 Nxb6 24. axb6 Qxb6 25. Qxd6 Qxd6 26. Rxd6 Bxc2 27.
Bxc5 b6 28. Rxb6 Rc8 29. Rb2 Rxc5 30. Rb8+ 1-0

[Event "Late-Titled-Tuesday-Blitz-April-23-2024"]
[Site "Chess.com"]
[Date "2024.04.23"]
[Round "6"]
[White "MathiasWomacka"]
[Black "Cluke86"]
[Result "0-1"]
[WhiteElo "2498"]
[BlackElo "2347"]
[TimeControl "180+1"]
[EndTime "15:06:26 PDT"]
[Termination "Cluke86 won by resignation"]

1. e4 d6 2. d4 Nf6 3. Nc3 e5 4.
Nf3 Nbd7 5. Bc4 Be7 6. O-O c6 7.
a4 Qc7 8. Re1 h6 9. a5 Nf8 10. h3 g5 11. Be3 Ng6 12. Bf1 g4 13. hxg4 Bxg4 14. Be2 h5 15. Nd2 O-O-O 16. f3 Bd7 17.
dxe5 dxe5 18. Bxa7 Rdg8 19. Nc4 Nf4 20. Bf1 Bh3 21. Nb6+ Qxb6+ 22. Bxb6 Bxg2 23. Bxg2 Rxg2+ 24. Kh1 h4 25. Rg1 h3 26. Qf1 N6h5 27. Bf2 Bc5 28. Rxg2 hxg2+ 29. Qxg2 Nxg2 30. Kxg2 Nf4+ 31. Kg3 Rg8+ 32.
Kh2 Bxf2 0-1

[Event "Late-Titled-Tuesday-Blitz-April-23-2024"]
[Site "Chess.com"]
[Date "2024.04.23"]
[Round "6"]
[White "artin10862"]
[Black "MagnusCarlsen"]
[Result "0-1"]
[WhiteElo "2936"]
[BlackElo "3227"]
[TimeControl "180+1"]
[EndTime "15:06:29 PDT"]
[Termination "MagnusCarlsen won by resignation"]

1. c4 e5 2. Nc3 Bb4 3. Nd5 Na6 4. e3 Nf6 5. Nxb4 Nxb4 6. a3 Nc6 7. b4 d5 8. cxd5 Qxd5 9. Bb2 O-O 10. Nf3 Bg4 11.
h3 Bxf3 12. gxf3 Ne7 13. Rc1 Qd6 14. Bc4 Ng6 15. h4 h5 16. Qc2 Kh7 17. Rg1 Kh8 18. Rh1 c5 19. bxc5 Qxc5 20. Bd3 Qd5 21. Bxg6 fxg6 22. Qxg6 Rad8 23. d3 Qxf3 24. Rg1 Ng4 25. Rc7 Qxf2+ 26. Kd1 Qxg1+ 0-1

[Event "Late-Titled-Tuesday-Blitz-April-23-2024"]
[Site "Chess.com"]
[Date "2024.04.23"]
[Round "6"]
[White "bascheyaro"]
[Black "mjelcic"]
[Result "1-0"]
[WhiteElo "2814"]
[BlackElo "2388"]
[TimeControl "180+1"]
[EndTime "15:06:29 PDT"]
[Termination "bascheyaro won by resignation"]

1. d4 d5 2. Nf3 Nf6 3. Bf4 c5 4. e3 Nc6 5. a3 Qb6 6. Nc3 Bg4 7.
Nb5 Rc8 8. Bc7 Rxc7 9. dxc5 Qxc5 10. Nxc7+ Kd7 11. Nb5 e6 12. c4 Be7 13. b4 Nxb4 14.
axb4 Qxb4+ 15. Qd2 Qb3 16. Nfd4 Qb4 17. f3 Bh5 18.
Rxa7 Rc8 19. Rxb7+ Kd8 20. Qxb4 Bxb4+ 21. Kf2 dxc4 22.
Na7 Rc5 23. Rxb4 c3 24. Rc4 Ra5 25. Nac6+ 1-0

[Event "Late-Titled-Tuesday-Blitz-April-23-2024"]
[Site "Chess.com"]
[Date "2024.04.23"]
[Round "6"]
[White "chucksterf10"]
[Black "DanielDardha2005"]
[Result "0-1"]
[WhiteElo "2625"]
[BlackElo "2855"]
[TimeControl "180+1"]
[EndTime "15:06:30 PDT"]
[Termination "DanielDardha2005 won by resignation"]

1. d4 Nf6 2. c4 e6 3. Nc3 d5 4. cxd5 exd5 5. Bf4 Bb4 6. e3 c5 7. dxc5 Nc6 8. Ne2 O-O 9. Bd6 Re8 10. a3 Bxc3+ 11.
Nxc3 d4 12. Nb5 dxe3 13. f3 Qa5+ 14. Nc3 Bf5 15. Bd3 Bxd3 16. Qxd3 Nb4 17. Qe2 Nbd5 18. Qb5 Qd8 19. Nxd5 Nxd5 20. Qxb7 Qh4+ 21. Bg3 Qc4 22. Rd1 Nc3 23. bxc3 Qxc3+ 24. Ke2 Qc2+ 25. Ke1 e2 26.
Ra1 Qc3+ 27. Kf2 Qd4+ 0-1

[Event "Late-Titled-Tuesday-Blitz-April-23-2024"]
[Site "Chess.com"]
[Date "2024.04.23"]
[Round "6"]
[White "tylityli"]
[Black "yuriydovzik"]
[Result "1-0"]
[WhiteElo "2326"]
[BlackElo "2147"]
[TimeControl "180+1"]
[EndTime "15:06:34 PDT"]
[Termination "tylityli won on time"]

1. d4 Nf6 2. c4 e6 3. Nc3 Bb4 4. e3 b6 5. Ne2 Bb7 6. a3 Be7 7. d5 O-O 8. g3 d6 9. Bg2 Nbd7 10.
b4 a5 11. Rb1 Ne5 12. Qd4 Nfd7 13. O-O Bf6 14. Kh1 axb4 15. axb4 Ng6 16. Qd2 Nde5 17. c5 bxc5 18. bxc5 Ba6 19. dxe6 fxe6 20. cxd6 cxd6 21.
Rd1 1-0

[Event "Late-Titled-Tuesday-Blitz-April-23-2024"]
[Site "Chess.com"]
[Date "2024.04.23"]
[Round "6"]
[White "Hikaru"]
[Black "TheSilmarils"]
[Result "1-0"]
[WhiteElo "3318"]
[BlackElo "2976"]
[TimeControl "180+1"]
[EndTime "15:06:39 PDT"]
[Termination "Hikaru won by resignation"]

1. h4 a5 2. c4 Nf6 3. Nc3 e5 4.
g3 c6 5. d4 exd4 6. Qxd4 d5 7.
Bg2 Na6 8. Bg5 Be7 9. cxd5 Nb4 10. O-O-O cxd5 11. a3 Nc6 12. Qf4 O-O 13. Nxd5 Nxd5 14.
Bxd5 Qb6 15. Nf3 Be6 16. Bxe7 Nxe7 17. Bxe6 fxe6 18. Qd4 Qb5 19. Qd3 Qc5+ 20. Kb1 Qxf2 21. g4 Nd5 22. Ng5 g6 23. h5 Qf6 24. Ne4 Qe5 25.
hxg6 hxg6 26. Rh6 Nf4 27. Qe3 Kg7 28. Rd7+ Kxh6 29. g5+ Kh5 30. Ng3+ Kg4 31. Qxe5 Kxg3 32.
e3 Rf5 33. Qc7 1-0

[Event "Late-Titled-Tuesday-Blitz-April-23-2024"]
[Site "Chess.com"]
[Date "2024.04.23"]
[Round "6"]
[White "wadsy27"]
[Black "stasOR4ik"]
[Result "0-1"]
[WhiteElo "2632"]
[BlackElo "2472"]
[TimeControl "180+1"]
[EndTime "15:06:39 PDT"]
[Termination "stasOR4ik won by resignation"]

1. c4 e6 2. g3 d5 3. Bg2 Nf6 4. Nf3 c6 5. b3 Nbd7 6. d4 Be7 7. O-O Ne4 8. Bb2 O-O 9. Nc3 f5 10. Rc1 g5 11. e3 g4 12. Ne5 Nxe5 13. dxe5 Bg5 14.
Nxe4 dxe4 15. Ba3 Re8 16. Bd6 a5 17. c5 a4 18. b4 b6 19. Qd4 b5 20. a3 Ra7 21.
Rfd1 h5 22. Qa1 Rd7 23. Rd4 Kh7 24. Rcd1 Kg6 25. R1d2 Bh6 26. Qd1 Qg5 27. Be7 Rdxe7 28. Rd6 Bb7 29. Bf1 Bg7 30. Rd8 Bxe5 31. Rxe8 Rxe8 32.
Rd7 Re7 33. Rd8 Kf7 34. Qa1 Bxa1 0-1

[Event "Late-Titled-Tuesday-Blitz-April-23-2024"]
[Site "Chess.com"]
[Date "2024.04.23"]
[Round "6"]
[White "theredking89"]
[Black "ritanovikova"]
[Result "1-0"]
[WhiteElo "2796"]
[BlackElo "2175"]
[TimeControl "180+1"]
[EndTime "15:06:39 PDT"]
[Termination "theredking89 won on time"]

1. e4 d5 2. exd5 Qxd5 3. Nc3 Qd6 4. Nf3 Nf6 5. d4 c6 6. g3 Bg4 7. Bg2 e6 8. h3 Bh5 9. Bf4 Qd8 10. O-O Bd6 11.
Bxd6 Qxd6 12. g4 Bg6 13. Qe2 Nbd7 14. Rad1 O-O-O 15. Ne5 Qc7 16. f4 Qb6 17. Na4 Qb4 18. b3 Nxe5 19. c3 Qa5 20. fxe5 Nd5 21. c4 Nb6 22.
Nc5 Qc3 23. Rf3 Qb4 24. Kh2 h5 25. g5 Nd7 26. Ne4 Nxe5 27. dxe5 Rxd1 28. Qxd1 Bxe4 29. Rxf7 Rd8 30. Qf1 Qd2 31. Qf2 Qxf2 32. Rxf2 Bxg2 33. Kxg2 Rd3 34. Rf7 Re3 35. Rxg7 Rxe5 36. h4 Re2+ 37. Kg3 Rxa2 38. Rh7 Ra3 39. g6 Rxb3+ 40. Kf4 Rb1 41.
g7 Rf1+ 42. Ke5 1-0

[Event "Late-Titled-Tuesday-Blitz-April-23-2024"]
[Site "Chess.com"]
[Date "2024.04.23"]
[Round "6"]
[White "Mischuk_D"]
[Black "Shankland"]
[Result "0-1"]
[WhiteElo "2772"]
[BlackElo "3057"]
[TimeControl "180+1"]
[EndTime "15:06:46 PDT"]
[Termination "Shankland won by resignation"]

1. d4 d5 2. c4 c6 3. Nc3 Nf6 4. e3 e6 5. Nf3 Nbd7 6. Qc2 b6 7. Be2 Bb7 8. b3 Be7 9. Bb2 O-O 10. O-O Qc7 11.
Rac1 Rad8 12. Rfd1 Qb8 13. Bf1 Rfe8 14. g3 Nf8 15. Bg2 Ng6 16. a4 dxc4 17. bxc4 c5 18.
Qe2 Qa8 19. Nb5 Rc8 20. dxc5 Rxc5 21. Nd6 Bxd6 22. Rxd6 Ne4 23. Rdd1 Rf5 24. Rf1 Ng5 25. Ne1 Bxg2 26. Nxg2 Nf3+ 27. Kh1 Rh5 28. h4 Nfxh4 29. e4 Nf3+ 30. Nh4 Ngxh4 31. gxh4 Rxh4+ 32. Kg2 Rxe4 33.
Qd3 Ne1+ 34. Rfxe1 Rxe1+ 35. Kh2 Qh1+ 0-1

[Event "Late-Titled-Tuesday-Blitz-April-23-2024"]
[Site "Chess.com"]
[Date "2024.04.23"]
[Round "6"]
[White "crushernt"]
[Black "FMOlexandrProhorov"]
[Result "0-1"]
[WhiteElo "2082"]
[BlackElo "2278"]
[TimeControl "180+1"]
[EndTime "15:06:47 PDT"]
[Termination "FMOlexandrProhorov won on time"]

1. e4 c5 2. Nf3 e6 3. b3 d5 4.
Bb5+ Nc6 5. exd5 exd5 6. O-O Nf6 7. Re1+ Be7 8. Bb2 O-O 9. d4 a6 10. Bxc6 bxc6 11. Ne5 Qc7 12. Nxc6 Bd6 13. Ne5 cxd4 14.
Bxd4 Bf5 15. Nc3 Rfe8 16. Nf3 Rxe1+ 17. Qxe1 Re8 18. Qd2 Ne4 19. Nxe4 dxe4 20. Nh4 Bxh2+ 21. Kh1 Bg4 22. Qg5 f5 23. Bxg7 Bf4 24. Qf6 Be5 25. Qc6 Qxg7 0-1

[Event "Late-Titled-Tuesday-Blitz-April-23-2024"]
[Site "Chess.com"]
[Date "2024.04.23"]
[Round "6"]
[White "ZachHKL"]
[Black "th3d4rkness"]
[Result "1-0"]
[WhiteElo "2292"]
[BlackElo "2132"]
[TimeControl "180+1"]
[EndTime "15:06:49 PDT"]
[Termination "ZachHKL won by resignation"]

1. e4 c5 2. Nf3 Nc6 3. d4 cxd4 4. Nxd4 Nf6 5. Nc3 e5 6. Ndb5 d6 7. Nd5 Nxd5 8. exd5 Nb8 9. Qf3 Be7 10. Qc3 Na6 11. Be3 O-O 12. Nxa7 f5 13. Qb3 f4 14. Bb6 Qe8 15.
f3 Bf5 16. O-O-O Nc5 17. Bxc5 dxc5 18. d6+ Rf7 19. dxe7 Kh8 20. Nb5 Qxe7 21. Nd6 Be6 22. Nxf7+ Bxf7 23. Qb6 h6 24. a3 c4 25. Qb4 Qe6 26. Rd6 Qc8 27. c3 b5 28. Be2 Rb8 29. Rhd1 Qf5 30. Rd8+ Rxd8 31. Rxd8+ Kh7 32. Bd1 Bg6 33.
Qxb5 Qb1+ 34. Kd2 Bd3 35. Rxd3 cxd3 36. Qxd3+ 1-0

[Event "Late-Titled-Tuesday-Blitz-April-23-2024"]
[Site "Chess.com"]
[Date "2024.04.23"]
[Round "6"]
[White "expii"]
[Black "IraZyne"]
[Result "0-1"]
[WhiteElo "2170"]
[BlackElo "2333"]
[TimeControl "180+1"]
[EndTime "15:06:49 PDT"]
[Termination "IraZyne won by resignation"]

1. e4 Nf6 2. e5 Nd5 3. d4 d6 4. c4 Nb6 5. exd6 exd6 6. Nf3 Bg4 7.
Be2 Be7 8. O-O c6 9. b3 O-O 10. Nc3 d5 11. c5 Bxf3 12. Bxf3 Nc8 13. Bf4 Nd7 14. b4 Bf6 15. Qd3 Re8 16. b5 Ne7 17. bxc6 bxc6 18. Rfe1 g6 19. Rad1 Qa5 20. Bd6 Nf5 21.
Rxe8+ Rxe8 22. Ne2 Nxd6 23. cxd6 Qb4 24. Qc3 Qxd6 25. Rc1 Rc8 26. Qa5 Rc7 27. g3 Nb6 28. Qc5 Qe7 29. Qxe7 Bxe7 30. Nf4 Bd6 31. Nd3 Nc4 32.
Nc5 Bxc5 33. dxc5 f5 34. Be2 Ne5 0-1

[Event "Late-Titled-Tuesday-Blitz-April-23-2024"]
[Site "Chess.com"]
[Date "2024.04.23"]
[Round "6"]
[White "micke12a"]
[Black "nindjaxx8"]
[Result "0-1"]
[WhiteElo "2435"]
[BlackElo "2643"]
[TimeControl "180+1"]
[EndTime "15:06:53 PDT"]
[Termination "nindjaxx8 won by resignation"]

1. d4 d5 2. Bf4 Nf6 3. e3 Bf5 4. Bd3 Bg6 5. Nf3 e6 6. O-O Be7 7. c4 O-O 8. Nc3 c5 9. Bxg6 hxg6 10. cxd5 exd5 11. Rc1 c4 12. b3 Nbd7 13. bxc4 dxc4 14. a4 a5 15. e4 Bb4 16. e5 Bxc3 17. exf6 Nxf6 18.
Rxc3 Nd5 19. Qc1 Nxc3 20. Qxc3 Qd5 21. Rb1 Qe4 22. Qc1 c3 23. Be3 Rfc8 24. Rb3 c2 25. h3 Qc6 26. Rb5 Qc4 27. d5 Qxa4 28. Rxb7 Rab8 29. Qb2 Rxb7 30. Qxb7 c1=Q+ 31. Bxc1 Rxc1+ 32. Kh2 Qf4+ 33. g3 Qxf3 0-1

[Event "Late-Titled-Tuesday-Blitz-April-23-2024"]
[Site "Chess.com"]
[Date "2024.04.23"]
[Round "6"]
[White "whiteglovethief"]
[Black "vi_pranav"]
[Result "0-1"]
[WhiteElo "2587"]
[BlackElo "3068"]
[TimeControl "180+1"]
[EndTime "15:06:54 PDT"]
[Termination "vi_pranav won on time"]

1. d4 Nf6 2. c4 e6 3. Nf3 b6 4. g3 Ba6 5. Nbd2 Bb4 6. Qc2 Bb7 7. Bg2 c5 8. dxc5 bxc5 9. O-O Bxd2 10. Bxd2 O-O 11.
Rad1 Qb6 12. Bc3 Ne8 13. Ng5 f5 14. Bxb7 Qxb7 15. Qb3 Qc7 16. Qa4 Nc6 17. Qb5 h6 18. Nf3 d6 19. b3 e5 20. Qa4 Nf6 21. Qa3 Rad8 22. Qb2 Qf7 23. Nh4 Qh5 24. f3 Nd4 25. e3 Ne6 26. Qc2 Nh7 27. Rd5 Qf7 28. Rfd1 g5 29.
Ng2 Qe7 30. Qd2 g4 31. f4 Nf6 32. fxe5 dxe5 33. Bxe5 Nxd5 34. cxd5 Ng5 35. Qb2 Qxe5 0-1

[Event "Late-Titled-Tuesday-Blitz-April-23-2024"]
[Site "Chess.com"]
[Date "2024.04.23"]
[Round "6"]
[White "LikeWater"]
[Black "ChadBiryani"]
[Result "0-1"]
[WhiteElo "2649"]
[BlackElo "2478"]
[TimeControl "180+1"]
[EndTime "15:06:55 PDT"]
[Termination "ChadBiryani won on time"]

1. e4 c5 2. Nf3 d6 3. d4 cxd4 4. Nxd4 Nf6 5. Nc3 Nc6 6. Bc4 Qb6 7. Nb3 g6 8. Bg5 Be6 9. Bxf6 exf6 10. Nd5 Qd8 11.
Nd4 Nxd4 12. Qxd4 Bg7 13. Bb5+ Kf8 14. c3 f5 15. Qd3 a6 16. Bc4 b5 17. Bb3 fxe4 18. Qxe4 Qg5 19. Nf4 d5 20. Qxe6 Re8 21. Qxe8+ Kxe8 22. g3 d4 0-1

[Event "Late-Titled-Tuesday-Blitz-April-23-2024"]
[Site "Chess.com"]
[Date "2024.04.23"]
[Round "6"]
[White "CarlosjPineror"]
[Black "Valiyev_Shahin"]
[Result "1-0"]
[WhiteElo "2778"]
[BlackElo "2547"]
[TimeControl "180+1"]
[EndTime "15:06:56 PDT"]
[Termination "CarlosjPineror won by resignation"]

1. e4 c5 2. Nf3 d6 3. d4 cxd4 4.
Nxd4 Nf6 5. Nc3 a6 6. Bg5 Nbd7 7.
Qe2 Qc7 8. O-O-O e6 9. f4 b5 10. g4 Be7 11. Bg2 Rb8 12. e5 dxe5 13. Nc6 Rb6 14. Nxe7 Kxe7 15. Rxd7+ Bxd7 16. fxe5 b4 17. exf6+ Kf8 18. fxg7+ Kxg7 19. Qf2 f5 20. gxf5 bxc3 21. Bh6+ Kxh6 22. Qh4+ Kg7 23. Qe7+ Kg8 24. Be4 Qf4+ 25. Kb1 exf5 26. Bd5+ 1-0